 Dungeon Sprint DCSS version 0.18.1-50-g88ac8fd (webtiles) character file.

511 Kagutsuchi the Fighter (level 6, -9/66 HPs)
             Began as a Draconian Berserker on Oct 21, 2016.
             Was a Believer of Trog.
             Mangled by a blink frog (15 damage)
             ... in the Dungeon (Sprint II: "The Violet Keep of Menkaure").
             The game lasted 00:03:17 (191 turns).

Kagutsuchi the Fighter (Draconian Berserker)         Turns: 191, Time: 00:03:18

Health: -9/66      AC:  6    Str: 20    XL:     6   Next: 99%
Magic:  6/6        EV: 16    Int:  7    God:    Trog [**....]
Gold:   17         SH:  0    Dex: 12    Spells: 0 memorised, 5 levels left

rFire  . . .     SeeInvis .     i - +2 short sword (elec)
rCold  . . .     Gourm    .     (armour unavailable)
rNeg   . . .     Faith    .     (no shield)
rPois  .         Spirit   .     (helmet restricted)
rElec  .         Dismiss  .     (no cloak)
rCorr  .         Reflect  .     (no gloves)
SustAt .         Harm     .     (no boots)
MR     .....     NoTele   +     (no amulet)
Stlth  +.........               (no ring)
                                (no ring)

@: not resistant to hostile enchantments, very unstealthy
A: unfitting armour, cold-blooded, AC +6
a: Berserk, Trog's Hand, Burn Spellbooks, Renounce Religion


You were in the Dungeon.
You worshipped Trog.
Trog was pleased with you.
You were not hungry.

You visited 1 branch You collected 243 gold pieces.
You spent 226 gold pieces at shops.

Inventory:

Hand Weapons
 a - a +0 falchion
 i - a +2 short sword of electrocution (weapon)
Scrolls
 h - a scroll of blinking
Potions
 e - a potion of haste
 f - 2 potions of magic
 g - a potion of berserk rage
Comestibles
 b - a bread ration
 k - a beef jerky


   Skills:
 + Level 10.0 Fighting
 + Level 0.2(5.4) Short Blades
 + Level 8.8 Long Blades
 + Level 8.8 Dodging


You had 5 spell levels left.
You didn't know any spells.

Dungeon Overview and Level Annotations

Branches:
Dungeon (1/1)

Altars:

Shops:
D (:?:!?}=(%*(=[![

Annotations:
D exclusion: oklob plant


Innate Abilities, Weirdness & Mutations

Your plain brown scales are hard (AC +6).
Your body does not fit into most forms of armour.
You are cold-blooded and may be slowed by cold attacks.


Message History

You close the door.
You feel less exhausted.
Drink which item? (? for menu, Esc to quit)
You feel better.
You open the door. The blink frog misses you.
You puncture the blink frog!
There is a sudden explosion of sparks!
The blink frog is severely wounded.
The blink frog hits you!
The blink frog blinks!
There is an open door, spattered with blood here.
You enter the shallow water.
Moving in this stuff is going to be slow.
The blink frog closely misses you. The blink frog hits you.
* * * LOW HITPOINT WARNING * * *
The blink frog blinks!
The blink frog blinks!
The blink frog barely misses you. The blink frog hits you!
* * * LOW HITPOINT WARNING * * *
Your unstable footing causes you to fumble your attack.
The blink frog hits you!
You die...

##...∩.∩..#≈≈≈≈#..#..#...
##....∩.⌠.#≈≈####.#.##
#.. ##...∩.∩..#≈##.###†##
#..#
##..∩.∩...#†#..###.## ..#
##.∩.∩....'≈'# +.<.+ .#
##∩.∩.....#†#..###.##
#▓▓▓▓▓▓▓###≈##.# #+#
##(.?######≈≈### #%$Y#aa
##@≈≈# #∩P[+a$#+ #F#≈#
#?$?#?##≈##$#≈≈#
#%.?###§≈§### ≈≈≈
##+###§§§≈ +++# §


You could see a blink frog.

Vanquished Creatures
  4 necrophages (D)
  A crocodile (D)
  4 worker ants (D)
9 creatures vanquished.

Notes
Turn   | Place    | Note
--------------------------------------------------------------
     0 | D        | Kagutsuchi the Draconian Berserker began the quest for the Orb.
     0 | D        | Reached XP level 1. HP: 19/19 MP: 1/1
     1 | D        | Noticed a necrophage
     1 | D        | Noticed a necrophage
     1 | D        | Noticed a necrophage
     1 | D        | Noticed a necrophage
     6 | D        | Killed a necrophage
     6 | D        | Reached skill level 6 in Fighting
     6 | D        | Reached skill level 5 in Long Blades
     6 | D        | Reached skill level 5 in Dodging
     6 | D        | Reached XP level 2. HP: 30/30 MP: 2/2
     6 | D        | Reached XP level 3. HP: 37/37 MP: 3/3
     6 | D        | Reached XP level 4. HP: 44/44 MP: 4/4
    13 | D        | Killed a necrophage
    13 | D        | Reached skill level 7 in Fighting
    13 | D        | Reached XP level 5. HP: 52/52 MP: 5/5
    20 | D        | Killed a necrophage
    20 | D        | Reached skill level 8 in Fighting
    24 | D        | Killed a necrophage
    24 | D        | Reached skill level 9 in Fighting
    24 | D        | Reached XP level 6. HP: 63/63 MP: 6/6
    31 | D        | Noticed an obsidian statue
    75 | D        | Found Qareto's Distillery.
    75 | D        | Found Fanwua's Antique Armour Emporium.
    76 | D        | Found Toanou's Antique Weapon Emporium.
    76 | D        | Found Lirghal's Jewellery Shoppe.
    76 | D        | Found Tuixi's Antique Armour Emporium.
    77 | D        | Found Coezoriv's Jewellery Shoppe.
    77 | D        | Found Wimn's Antique Weapon Emporium.
    77 | D        | Found Ditefis's Food Shoppe.
    77 | D        | Found Bohac's General Store.
    81 | D        | Found Gaempapa's Distillery.
    81 | D        | Found Zaru's Magic Scroll Shoppe.
    81 | D        | Found Ruofigyq's Gadget Emporium.
    87 | D        | Found Duwiwiho's Book Shoppe.
    87 | D        | Found Foepligh's Magic Scroll Emporium.
    87 | D        | Noticed an oklob plant
    88 | D        | Found Guaxzigh's Antique Weapon Shoppe.
    88 | D        | Found Wuga's Book Shoppe.
    89 | D        | Noticed a death yak
    99 | D        | Bought a potion of heal wounds for 65 gold pieces
    99 | D        | Bought a potion of curing for 39 gold pieces
   100 | D        | Noticed a soldier ant
   106 | D        | Noticed a soldier ant
   109 | D        | Noticed a soldier ant
   111 | D        | Bought a runed short sword for 84 gold pieces
   124 | D        | Bought a slice of pizza for 19 gold pieces
   124 | D        | Bought a beef jerky for 19 gold pieces
   143 | D        | Reached ** piety under Trog
   165 | D        | Reached skill level 10 in Fighting
   174 | D        | Noticed a blink frog
   191 | D        | Mangled by a blink frog

Skill      XL: |  1  2  3  4  5  6 |
---------------+-------------------+-----
Fighting       | 6 7 9 10 | 10.0
Long Blades    | 5 6 8 |  8.8
Dodging        | 5 6 7 8 |  8.8
Short Blades   | |  0.2

Action                   |  1- 3 |  4- 6 || total
-------------------------+-------+-------++-------
Melee: Falchion          |     4 |    33 ||    37
       Tailslap          |     1 |     6 ||     7
       Short sword       |       |    26 ||    26
Invok: Berserk           |     1 |     1 ||     2
  Use: Potion            |       |     4 ||     4
  Eat: Pizza             |       |     1 ||     1
Armor: Skin              |       |     9 ||     9
Dodge: Dodged            |     2 |    66 ||    68
